 Dungeon Crawl Stone Soup version 0.31-a0-366-ga77b45b (webtiles) character file.

Game seed: 16291686203229418497

78010 dontdoit the Earth Mage (level 15, -2/66 HPs)
             Began as a Felid Earth Elementalist on July 27, 2023.
             Was the Champion of Vehumet.
             Slain by a +2 broad axe of flaming (4 damage)
             ... on level 1 of the Elven Halls.
             The game lasted 03:16:38 (34508 turns).

dontdoit the Earth Mage (Felid Earth Elementalist) Turns: 34508, Time: 03:16:40

Health: -2/66      AC:  3    Str:  4    XL:     15   Next: 17%
Magic:  20/53      EV: 26    Int: 23    God:    Vehumet [******]
Gold:   2126       SH:  0    Dex: 18    Spells: 4/44 levels left
                                        Lives:  0   Deaths: 5

rFire   . . .        (weapon unavailable)
rCold   + . .        (shield unavailable)
rNeg    . . .        (body armour unavailable)
rPois   .            (helmet unavailable)
rElec   .            (cloak unavailable)
rCorr   .            (gloves unavailable)
SInv    +            (boots unavailable)
Will    ++...        q - amulet of magic regeneration
Stlth   ++           x - ring of magical power
HPRegen 0.31/turn    F - ring of magical power
MPRegen 0.73/turn

%: no passive effects
@: quick
A: very small, claws 1, fangs 3, see invisible, speed 1, shaggy fur 3, stealthy
paws, no weapons or thrown items, no armour, multi-lived
a: Renounce Religion


You were on level 1 of the Elven Halls.
You worshipped Vehumet.
Vehumet was exalted by your worship.
You visited 7 branches of the dungeon, and saw 31 of its levels.
You also visited: Sewer and Ice Cave.

You collected 3707 gold pieces.
You spent 1581 gold pieces at shops.

Inventory:

Jewellery
 a - a ring of resist corrosion
 d - an amulet of reflection
 i - a +5 ring of evasion
 l - a ring of protection from cold
 q - an amulet of magic regeneration (around neck)
 v - a ring of protection from fire
 x - a ring of magical power (left paw)
 y - a ring of willpower
 A - an amulet of the acrobat
 C - a ring of positive energy
 E - a +6 ring of strength
 F - a ring of magical power (right paw)
 G - a +4 ring of protection
 I - a ring of wizardry
 K - a +4 ring of slaying
Wands
 c - a wand of iceblast (26)
 g - a wand of digging (4)
 o - a wand of charming (13)
 z - a wand of mindburst (11)
 J - a wand of polymorph (19)
 M - a wand of quicksilver (10)
 O - a wand of flame (10)
Scrolls
 f - 25 scrolls of identify
 h - 8 scrolls of vulnerability
 n - a scroll of fog
 t - 8 scrolls of teleportation
 u - 3 scrolls of amnesia
 B - a scroll of silence
 H - a scroll of summoning
 N - 2 scrolls of poison
Potions
 b - 6 potions of curing
 e - 3 potions of resistance
 j - 3 potions of lignification
 k - 8 potions of might
 m - 2 potions of berserk rage
 p - 4 potions of mutation
 r - 5 potions of heal wounds
 s - 5 potions of cancellation
 w - 2 potions of brilliance
 D - 2 potions of enlightenment
 L - 2 potions of haste


   Skills:
 + Level 8.2 Fighting
 - Level 12.0 Dodging
 - Level 2.6 Stealth
 * Level 15.3 Spellcasting
 + Level 10.6 Conjurations
 + Level 4.7 Necromancy
 - Level 3.0 Transmutations
 * Level 14.3 Fire Magic
 * Level 15.4 Earth Magic


You had 4 spell levels left.
You knew the following spells:

 Your Spells              Type           Power      Damage    Failure   Level
a - Sandblast             Erth           100%       2d20      0%          1
b - Passwall              Tmut/Erth      46%        N/A       1%          2
c - Stone Arrow           Conj/Erth      100%       3d13      1%          3
d - Foxfire               Conj/Fire      100%       2x1d9     0%          1
e - Lee's Rapid Deconstr  Erth           36%        3d18*     1%          5
f - Fireball              Conj/Fire      33%        3d14      1%          5
g - Irradiate             Conj/Tmut      24%        3d19      1%          5
h - Lehudib's Crystal Sp  Conj/Erth      33%        10d9      24%         8
j - Leda's Unmaking       Conj/Erth      33%        9d6       1%          6
k - Dispel Undead         Necr           39%        3d16      4%          4

Your spell library contained the following spells:

 Spells                   Type           Power      Damage    Failure   Level
 Shatter                  Erth           36%        3d29*     78%         9
 Fire Storm               Conj/Fire      33%        8d8       98%         9
 Chain Lightning          Conj/Air       21%        3d28      100%        9
 Kiss of Death            Conj/Necr      100%       2d13      1%          1
 Magic Dart               Conj           100%       1d8       1%          1
 Shock                    Conj/Air       100%       1d9       1%          1
 Sting                    Tmut/Pois      96%        1d7       1%          1
 Poisonous Vapours        Pois/Air       34%        N/A       1%          2
 Searing Ray              Conj           100%       2d8       1%          2
 Static Discharge         Conj/Air       84%        2-6/arc   1%          2
 Dazzling Flash           Conj/Hex       84%        N/A       1%          3
 Mephitic Cloud           Conj/Pois/Air  34%        N/A       1%          3
 Volatile Blastmotes      Fire/Tloc      100%       2d18      1%          3
 Fulminant Prism          Conj/Hex       21%        3d12      1%          4
 Iskenderun's Mystic Bla  Conj/Tloc      42%        2d10      1%          4
 Leda's Liquefaction      Hex/Erth       26%        N/A       1%          4
 Petrify                  Tmut/Erth      56%        N/A       1%          4
 Cigotuvi's Dreadful Rot  Necr/Pois/Air  48%        N/A       2%          2
 Frozen Ramparts          Ice            34%        1d6       2%          3
 Call Imp                 Summ           34%        N/A       4%          2
 Airstrike                Air            8%         2d(2-18)  9%          4
 Olgreb's Toxic Radiance  Pois           17%        N/A       9%          4
 Call Canine Familiar     Summ           17%        N/A       10%         3
 Confusing Touch          Hex            17%        N/A       10%         3
 Gell's Gravitas          Tloc           17%        N/A       10%         3
 Ozocubu's Armour         Ice            17%        N/A       10%         3
 Swiftness                Air            17%        N/A       10%         3
 Teleport Other           Tloc           17%        N/A       10%         3
 Summon Ice Beast         Ice/Summ       17%        N/A       32%         4
 Summon Lightning Spire   Summ/Air       17%        N/A       32%         4
 Starburst                Conj/Fire      33%        6d10      1%          6
 Plasma Beam              Fire/Air       25%        2x1d37    7%          6
 Ignition                 Fire           35%        3d11      16%         8
 Alistair's Intoxication  Tmut/Pois      16%        N/A       43%         5
 Eringya's Noxious Bog    Tmut/Pois      12%        4d6       54%         6
 Death Channel            Necr           19%        N/A       56%         6
 Metabolic Englaciation   Hex/Ice        8%         N/A       65%         5
 Summon Forest            Summ/Tloc      8%         N/A       65%         5
 Simulacrum               Ice/Necr       14%        N/A       88%         6
 Dispersal                Tloc           8%         N/A       99%         6
 Ozocubu's Refrigeration  Ice            8%         4d9       99%         7
 Monstrous Menagerie      Summ           8%         N/A       100%        7
 Summon Hydra             Summ           8%         N/A       100%        7
 Discord                  Hex            8%         N/A       100%        8
 Maxwell's Capacitive Co  Air            8%         ∞         100%        8
 Portal Projectile        Hex/Tloc       Unusable   N/A       N/A         3

Dungeon Overview and Level Annotations

Branches:
Dungeon (15/15)            Temple (1/1) D:4            Lair (5/5) D:11
  Swamp (4/4) Lair:3        Snake (3/4) Lair:3        Slime (0/5) Lair:4
    Orc (2/2) D:9             Elf (1/3) Orc:2        Vaults (0/5) D:13
 Depths (0/4) D:15          Sewer (visited)           IceCv (visited)

Altars:
Ashenzari
Cheibriados
Dithmenos
Elyvilon
Fedhas
Gozag
Hepliaklqana
Kikubaaqudgha
Makhleb
Nemelex Xobeh
Okawaru
Qazlal
Ru
Sif Muna
Trog
Uskayaw
Vehumet
Wu Jian
Xom
Yredelemnul
Zin
The Shining One
Jiyva

Shops:
D:1 *[:(   D:8 [   D:9 =   D:10 *   Orc:1 [   Orc:2 :!:*

Annotations:
Swamp:2 2 runed translucent doors, alcopop's ghost, adept DjHu
Snake:3 Bai Suzhen, Vashnia


Innate Abilities, Weirdness & Mutations

You have sharp claws.
You have razor-sharp teeth.
You have supernaturally acute eyesight. (SInv)
You cover ground quickly. (Speed+)
Your thick and shaggy fur keeps you warm. (AC +3, rC+)
Your paws help you pounce on unaware monsters.
You are incapable of wielding weapons or throwing items.
You cannot wear armour.
You gain extra lives every three experience levels.


Message History

Vehumet accepts your kill.
You feel your power returning.
The fireball engulfs the deep elf zephyrmancer!!
The deep elf zephyrmancer is heavily wounded.
The deep elf zephyrmancer gestures at you while chanting.
The bolt of lightning misses you.
Casting: Fireball (safe; 1% risk of failure)
Confirm with . or Enter, or press ? or * to list all spells.
Aiming: Fireball (safe; 1% risk of failure)
Press: ? - help, Shift-Dir - straight line The fireball explodes!
The fireball engulfs the deep elf zephyrmancer!!
You kill the deep elf zephyrmancer!
Vehumet accepts your kill.
You feel your power returning.
The fireball engulfs the +2 broad axe of flaming.
The +2 broad axe of flaming resists.
The +2 broad axe of flaming is lightly damaged.
The entropic shot misses the +2 broad axe of flaming.
The +2 broad axe of flaming completely misses you.
The deep elf zephyrmancer casts a spell at you.
The bolt of lightning hits the +2 broad axe of flaming.
The +2 broad axe of flaming completely resists.
The bolt of lightning misses you. The bolt of lightning hits you!!
The deep elf knight gestures wildly while chanting.
The deep elf knight flickers and vanishes for a moment.
You hear a shout!
The entropic shot misses the +2 broad axe of flaming.
The +2 broad axe of flaming closely misses you.
The +2 broad axe of flaming completely misses you.
The entropic shot misses the +2 broad axe of flaming.
The +2 broad axe of flaming misses you.
The entropic shot hits the +2 broad axe of flaming!!
The +2 broad axe of flaming is almost destroyed.
The +2 broad axe of flaming hits you! The +2 broad axe of flaming burns you!
* * * LOW HITPOINT WARNING * * *
The +2 broad axe of flaming hits you!
* * * LOW HITPOINT WARNING * * *
The +2 broad axe of flaming burns you.
You die...

##### ##### ###...###
##...## #.......#
#.....#
#.......#######.....+
#.......'.....'.....#
#.......#######'...+#
#.......# #@#####
##'#...###.. #(##
##.######e....e. #'##
#......).. ..#
#......... ..#
#...♣...§. ..+
....8... ..# ......>
.[#


You could see a deep elf zephyrmancer and a +2 broad axe of flaming.

Vanquished Creatures
  Jorgrun (D:12)
  A tentacled monstrosity (Swamp:3)
  Rupert (Lair:3)
  Donald (Swamp:1)
  Frances (D:14)
  Aizul (Swamp:1)
  Roxanne (D:15)
  A frost giant (D:15)
  A deep elf sorcerer (Elf:1)
  2 orc warlords (Orc:2)
  2 bunyips
  4 eleionomae
  Azrael (D:12)
  3 dire elephants (Lair:5)
  Snorg (Lair:3)
  A white draconian (IceCv)
  Josephine (D:15)
  4 vault guards (D:13)
  An ice dragon (Lair:3)
  A spriggan air mage (Swamp:3)
  A boulder beetle (D:11)
  A ghost crab (Swamp:1)
  10 hydras
  7 centaur warriors
  3 anacondas
  4 tengu warriors (D:15)
  A dancing weapon (Elf:1)
  3 catoblepae (Lair:5)
  12 death yaks
  9 naga warriors
  2 alligators (Swamp:2)
  4 two-headed ogres
  A spectral dire elephant (Lair:5)
  2 naga sharpshooters
  An orc high priest (Orc:1)
  5 shock serpents
  2 spectral death yaks (Lair:5)
  A spriggan berserker (Swamp:3)
  2 goliath frogs
  A salamander mystic (Snake:2)
  2 skysharks
  A spectral anaconda (Lair:5)
  9 skeletal warriors (D:13)
  The ghost of centralandcovert the Conjurer, a novice HuCj of Vehumet (D:8)
  Lodul (D:11)
  4 spriggan druids
  A deep elf archer (Elf:1)
  2 bog bodies
  3 swamp dragons
  6 deep elf zephyrmancers (Elf:1)
  A naga ritualist (Snake:2)
  4 mana vipers (Snake:2)
  An obsidian statue (Lair:5)
  3 orc knights (Orc:2)
  8 deep elf pyromancers
  A wizard (D:14)
  3 necromancers (Lair:5)
  7 ugly things
  3 cyclopes
  2 orc sorcerers (Orc:2)
  A manticore (D:12)
  12 salamanders
  A will-o-the-wisp (Swamp:1)
  23 elephants
  Maggie (D:6)
  3 ice statues
  28 black mambas
  5 guardian serpents
  10 cane toads
  13 naga magi
  An unseen horror (D:8)
  A dire elephant skeleton (Lair:5)
  8 rime drakes
  2 efreet (D:13)
  An ice devil (Lair:3)
  2 kobold demonologists (D:11)
  4 yaktaurs (D:15)
  4 komodo dragons
  3 trolls
  7 polar bears
  6 tyrant leeches
  A meliai (shapeshifter) (D:14)
  6 hornets
  Grinder (D:3)
  A bloated husk (Swamp:1)
  18 dream sheep
  22 blink frogs
  12 slime creatures
  A dire elephant simulacrum (Lair:3)
  Sigmund (D:6)
  A spriggan (shapeshifter) (D:13)
  4 wraiths
  4 wyverns
  2 fire elementals
  7 spriggans
  8 humans (D:13)
  48 yaks
  A fire bat (shapeshifter) (D:15)
  2 basilisks
  3 steam dragons
  6 vampire mosquitoes
  A spectral cane toad (Lair:5)
  9 swamp worms
  11 wargs
  An acid dragon (D:8)
  23 water moccasins
  25 nagas
  5 hell hounds (D:12)
  4 swamp drakes
  An ice beast (D:7)
  Pargi (Sewer)
  5 black bears
  2 sky beasts
  An elephant zombie (Lair:5)
  44 orc warriors
  7 elephant skeletons (Lair:5)
  33 wolves
  The ghost of Caterwaul the Insei, an amateur DsSh (D:3)
  11 ogres
  19 centaurs
  2 phantoms
  A kobold brigand (D:6)
  14 bullfrogs
  A gnoll sergeant (D:7)
  3 scorpions
  6 cane toad simulacra
  6 wights
  6 lindwurm simulacra (IceCv)
  2 elephant simulacra (Lair:5)
  8 killer bees
  6 electric eels
  3 howler monkeys (D:7)
  9 hounds
  14 jellies
  6 komodo dragon simulacra (IceCv)
  11 orc priests
  2 centaur skeletons (D:4)
  A bullfrog skeleton (D:4)
  5 gnoll boudas
  A sleepcap (D:4)
  3 iguanas
  22 orc wizards
  4 acid dragon simulacra (IceCv)
  30 gnolls
  6 adders
  2 white imps
  5 steam dragon simulacra (IceCv)
  An ufetubus (D:4)
  3 worms
  2 dart slugs
  81 orcs
  7 ball pythons
  9 endoplasms
  4 giant cockroaches
  5 hobgoblins
  16 kobolds
  A quokka (D:1)
  9 bats
  8 frilled lizards
  9 goblins
  6 rats
994 creatures vanquished.

Vanquished Creatures (others)
  A bloated husk (Swamp:1)
  A gnoll sergeant (D:6)
  41 foxfires
43 creatures vanquished.

Grand Total: 1037 creatures vanquished

Notes
Turn   | Place    | Note
-------+----------+-------------------------------------------
     0 | D:1      | dontdoit the Felid Earth Elementalist began the quest for
                  | the Orb.
     0 | D:1      | Reached XP level 1. HP: 7/7 MP: 4/4
   178 | D:1      | Reached XP level 2. HP: 9/11 MP: 1/6
   181 | D:1      | Learned a level 2 spell: Passwall
   270 | D:1      | Found Xaigetzi's Book Shop.
   291 | D:1      | Found Zel Iski's Antique Weapon Emporium.
   391 | D:1      | Found Ipnu's Assorted Antiques.
   416 | D:1      | Bought a scroll labelled NASHREPTEDU for 19 gold pieces
   502 | D:1      | Found Zuguguv's Armour Shop.
   712 | D:1      | Reached XP level 3. HP: 14/14 MP: 4/7
   716 | D:1      | Learned a level 3 spell: Stone Arrow
   796 | D:1      | Bought a scroll labelled SIWNUS OLEIRO for 19 gold pieces
   796 | D:1      | Bought a scroll labelled SIWNUS OLEIRO for 19 gold pieces
   867 | D:2      | Identified a scroll of acquirement
   867 | D:2      | Acquired an amulet of reflection
  1543 | D:3      | Noticed Grinder
  1545 | D:3      | Found a blossoming altar of Fedhas.
  1547 | D:3      | Reached XP level 4. HP: 18/18 MP: 7/9
  1599 | D:3      | Killed from afar by Grinder
  1600 | D:3      | Reached XP level 3. HP: -5/15 MP: 2/8
  1613 | D:3      | Found a faded altar of an unknown god.
  1621 | D:3      | Killed Grinder
  1622 | D:3      | Reached skill level 1 in Fighting
  1622 | D:3      | Reached skill level 1 in Conjurations
  1622 | D:3      | Reached XP level 4. HP: 19/19 MP: 5/10
  1622 | D:3      | Reached XP level 5. HP: 22/22 MP: 5/11
  2022 | D:1      | Bought an emerald ring for 95 gold pieces
  2125 | D:4      | Found a runed translucent gate.
  2125 | D:4      | Found a runed translucent gate.
  2125 | D:4      | Found a runed translucent gate.
  2186 | D:4      | Noticed Caterwaul's ghost (amateur DsSh)
  2219 | D:4      | Gained mutation: You are covered in thick fur. (AC +2)
                  | [Felid growth]
  2219 | D:4      | Reached XP level 6. HP: 26/26 MP: 9/12
  2297 | D:4      | Found a staircase to the Ecumenical Temple.
  2306 | Temple   | Entered the Ecumenical Temple
  2331 | Temple   | Became a worshipper of Vehumet
  2823 | D:4      | Reached * piety under Vehumet
  2823 | D:4      | Offered knowledge of Magic Dart by Vehumet.
  3006 | D:3      | Killed Caterwaul's ghost
  3102 | D:1      | Bought a sharpened copper wand for 76 gold pieces
  3167 | D:5      | Entered Level 5 of the Dungeon
  3188 | D:4      | Reached XP level 7. HP: 29/30 MP: 10/14
  3333 | D:5      | Reached skill level 5 in Earth Magic
  3772 | D:5      | Found a glowing silver altar of Zin.
  3773 | D:5      | Found a shadowy altar of Dithmenos.
  3832 | D:5      | Killed from afar by an orc priest
  3833 | D:5      | Reached XP level 6. HP: -6/26 MP: 13/14
  4242 | D:5      | Reached skill level 5 in Spellcasting
  4243 | D:5      | Reached XP level 7. HP: 30/30 MP: 10/15
  5106 | D:6      | Noticed Sigmund
  5172 | D:6      | Reached skill level 5 in Dodging
  5183 | D:6      | Found a glowing drain.
  5247 | Sewer    | Entered a sewer
  5262 | Sewer    | Noticed Pargi
  5267 | Sewer    | Killed Pargi
  5374 | Sewer    | Offered knowledge of Foxfire by Vehumet.
  5431 | Sewer    | Learned a level 1 spell: Foxfire
  5500 | D:6      | Noticed a steam dragon
  5503 | D:6      | Killed a steam dragon
  5504 | D:6      | Reached XP level 8. HP: 24/33 MP: 7/17
  5575 | D:6      | Found a basalt altar of Yredelemnul.
  5584 | D:6      | Reached skill level 1 in Fire Magic
  5657 | D:6      | Reached ** piety under Vehumet
  5706 | D:6      | Killed Sigmund
  5812 | D:6      | Noticed Maggie
  5846 | D:6      | Killed Maggie
  6101 | D:6      | Reached XP level 9. HP: 37/37 MP: 9/19
  6878 | D:7      | Noticed a two-headed ogre
  6899 | D:7      | Noticed a red ugly thing
  6901 | D:7      | Killed a two-headed ogre
  6921 | D:7      | Noticed a cyclops
  7018 | D:7      | Killed a cyclops
  7019 | D:7      | Reached XP level 10. HP: 42/42 MP: 15/22
  7217 | D:7      | Killed a cyan ugly thing
  7231 | D:7      | Reached skill level 5 in Fire Magic
  7467 | D:7      | Offered knowledge of Ignite Poison by Vehumet.
  7754 | D:7      | Found the +6 arbalest "Damnation" {damnation}
  7758 | D:7      | Identified the +2 spear "Igohod" {drain, *Slow rC+ rN+++
                  | Str+3}
  7771 | D:7      | Got Sif Muna's Grimoire of Transmuted Rime
  7873 | D:8      | Reached *** piety under Vehumet
  7945 | D:8      | Noticed a two-headed ogre
  7951 | D:8      | Reached skill level 5 in Conjurations
  7977 | D:8      | Killed a two-headed ogre
  8155 | D:8      | Found a runed translucent gate.
  8158 | D:8      | Found a runed translucent gate.
  8158 | D:8      | Found a runed translucent gate.
  8158 | D:8      | Noticed an 11-headed hydra
  8158 | D:8      | Noticed a nine-headed hydra
  8162 | D:8      | Noticed centralandcovert's ghost (novice HuCj)
  8301 | D:8      | Acquired a book of Fire
  8359 | D:8      | Found Xaipp's Antique Armour Emporium.
  8471 | D:8      | Offered knowledge of Volatile Blastmotes by Vehumet.
  9197 | D:9      | Found a staircase to the Orcish Mines.
  9222 | D:9      | Learned a level 4 spell: Petrify
  9251 | D:9      | Reached XP level 11. HP: 37/46 MP: 17/24
  9390 | D:9      | Identified the +8 mace of the Moon {drain, rPois}
  9397 | D:9      | Reached **** piety under Vehumet
  9437 | D:9      | Found a hide-covered altar of Uskayaw.
  9437 | D:9      | Found an ornate altar of the Wu Jian Council.
  9437 | D:9      | Found a sparkling altar of Nemelex Xobeh.
  9453 | D:9      | Found a snail-covered altar of Cheibriados.
  9585 | D:9      | Found Qoun's Jewellery Shoppe.
  9590 | D:9      | Bought a ring of magical power for 240 gold pieces
  9818 | D:10     | Entered Level 10 of the Dungeon
  9818 | D:10     | Found Zenaeg's Elemental Accessories.
 10043 | D:10     | Offered knowledge of Lee's Rapid Deconstruction by Vehumet.
 11027 | D:11     | Noticed a two-headed ogre
 11035 | D:11     | Killed a two-headed ogre
 11196 | D:11     | Noticed a boulder beetle
 11232 | D:11     | Killed a boulder beetle
 11349 | D:11     | Found a staircase to the Lair.
 11597 | D:11     | Noticed Lodul
 11604 | D:11     | Killed Lodul
 11695 | D:11     | Learned a level 5 spell: Lee's Rapid Deconstruction
 11696 | Lair:1   | Entered Level 1 of the Lair of Beasts
 11946 | Lair:1   | Reached skill level 10 in Earth Magic
 11949 | Lair:1   | Gained mutation: Your thick and shaggy fur keeps you warm.
                  | (AC +3, rC+) [Felid growth]
 11949 | Lair:1   | Reached XP level 12. HP: 45/50 MP: 13/26
 12159 | Lair:1   | Reached ***** piety under Vehumet
 12160 | Lair:1   | Reached skill level 10 in Spellcasting
 12412 | Lair:1   | Offered knowledge of Irradiate by Vehumet.
 12419 | Lair:1   | Learned a level 5 spell: Irradiate
 12790 | Lair:2   | Reached skill level 5 in Fighting
 13996 | Lair:3   | Reached XP level 13. HP: 52/54 MP: 28/28
 14200 | Lair:3   | Found a staircase to the Swamp.
 14207 | Lair:3   | Offered knowledge of Ozocubu's Refrigeration by Vehumet.
 14222 | Lair:3   | Found a frozen archway.
 14229 | Lair:3   | Noticed Snorg
 14239 | Lair:3   | Killed Snorg
 14325 | IceCv    | Entered an ice cave
 14697 | IceCv    | Noticed a white draconian
 14741 | IceCv    | Killed a white draconian
 15158 | Lair:3   | Reached skill level 10 in Fire Magic
 15276 | Lair:3   | Found a staircase to the Snake Pit.
 15499 | Lair:3   | Reached skill level 10 in Dodging
 15620 | Lair:3   | Noticed Rupert
 15642 | Lair:3   | Killed Rupert
 16118 | Lair:4   | Found a viscous altar of Jiyva.
 16119 | Lair:4   | Found a staircase to the Slime Pits.
 16359 | Lair:4   | Offered knowledge of Freezing Cloud by Vehumet.
 16360 | Lair:4   | Reached XP level 14. HP: 58/58 MP: 30/30
 16690 | Lair:4   | Identified the +1 leather armour of Disaster {Int+3}
 16875 | Lair:4   | Learned a level 6 spell: Starburst
 16883 | Lair:5   | Entered Level 5 of the Lair of Beasts
 18978 | Lair:5   | Offered knowledge of Fireball by Vehumet.
 19105 | Lair:5   | Learned a level 5 spell: Fireball
 19442 | Lair:5   | Reached XP level 15. HP: 63/63 MP: 28/33
 20000 | D:8      | Killed centralandcovert's ghost
 20140 | Orc:1    | Entered Level 1 of the Orcish Mines
 20220 | Orc:2    | Entered Level 2 of the Orcish Mines
 20459 | Orc:2    | Found a staircase to the Elven Halls.
 20568 | Orc:1    | Offered knowledge of Leda's Unmaking by Vehumet.
 20578 | Orc:1    | Learned a level 6 spell: Leda's Unmaking
 21247 | Orc:1    | Found Cugrileu's Antique Armour Shop.
 21406 | Orc:2    | Upgraded the game from 0.31-a0-362-g6b00f1b to
                  | 0.31-a0-366-ga77b45b
 22019 | Orc:2    | Found Dushid's Distillery.
 22019 | Orc:2    | Found Zegissa's Book Boutique.
 22021 | Orc:2    | Found Ybrihudgh's Assorted Antiques.
 22023 | Orc:2    | Found Gumizas's Book Emporium.
 22027 | Orc:2    | Bought a potion of curing for 39 gold pieces
 22027 | Orc:2    | Bought a potion of heal wounds for 65 gold pieces
 22027 | Orc:2    | Bought a potion of curing for 39 gold pieces
 22027 | Orc:2    | Bought a potion of resistance for 130 gold pieces
 22027 | Orc:2    | Bought a potion of curing for 39 gold pieces
 22027 | Orc:2    | Bought a potion of heal wounds for 65 gold pieces
 22035 | Orc:2    | Bought the Unrestrained Analects for 736 gold pieces
 22319 | D:12     | Noticed Jorgrun
 22325 | D:12     | Killed Jorgrun
 22328 | D:12     | Offered knowledge of Conjure Ball Lightning by Vehumet.
 22454 | D:12     | Found a shimmering blue altar of Sif Muna.
 22813 | D:12     | Identified the +0 robe of Okawaru, Charming {Rampage Drain
                  | Str+7}
 23160 | D:12     | Noticed Azrael
 23167 | D:12     | Killed Azrael
 23809 | D:13     | Found a gate to the Vaults.
 24506 | D:14     | Identified the +2 robe of the Bells {rElec}
 24517 | D:14     | Shot with an arrow by a centaur warrior
 24518 | D:14     | Reached XP level 14. HP: -2/61 MP: 38/50
 24560 | D:14     | Reached XP level 15. HP: 64/64 MP: 33/33
 24625 | D:14     | Identified the +1 robe of Gallantry {+Blink rElec rPois
                  | Int-3}
 24878 | D:14     | Noticed Frances
 24891 | D:14     | Killed Frances
 25359 | D:15     | Entered Level 15 of the Dungeon
 25653 | D:15     | Learned a level 4 spell: Dispel Undead
 25783 | D:15     | Noticed Josephine
 25786 | D:15     | Killed Josephine
 25795 | D:15     | Reached ****** piety under Vehumet
 25976 | D:15     | Noticed Roxanne
 25981 | D:15     | Killed Roxanne
 25981 | D:15     | Offered knowledge of Lehudib's Crystal Spear by Vehumet.
 25993 | D:15     | Learned a level 8 spell: Lehudib's Crystal Spear
 26087 | D:15     | Noticed a frost giant
 26092 | D:15     | Killed a frost giant
 26093 | D:15     | Reached skill level 1 in Necromancy
 26211 | D:15     | Found a staircase to the Depths.
 26572 | Snake:1  | Entered Level 1 of the Snake Pit
 27708 | Snake:2  | Reached skill level 10 in Conjurations
 28567 | Snake:2  | Reached XP level 16. HP: 69/69 MP: 17/35
 29244 | Snake:2  | Offered knowledge of Fire Storm by Vehumet.
 29244 | Snake:2  | Offered knowledge of Shatter by Vehumet.
 29244 | Snake:2  | Offered knowledge of Chain Lightning by Vehumet.
 29730 | Snake:3  | Noticed Vashnia
 29731 | Snake:3  | Noticed Bai Suzhen
 30039 | Swamp:1  | Entered Level 1 of the Swamp
 30182 | Swamp:1  | Noticed Aizul
 30191 | Swamp:1  | Killed Aizul
 31048 | Swamp:1  | Reached skill level 15 in Earth Magic
 31497 | Swamp:2  | Noticed Donald
 31549 | Swamp:1  | Killed Donald
 31763 | Swamp:1  | Reached skill level 15 in Spellcasting
 31815 | Swamp:1  | Killed from afar by an eleionoma
 31816 | Swamp:1  | Reached XP level 15. HP: -29/65 MP: 12/53
 32084 | Swamp:2  | Found a large runed translucent door.
 32086 | Swamp:2  | Found a large runed translucent door.
 32086 | Swamp:2  | Noticed alcopop's ghost (adept DjHu)
 32087 | Swamp:2  | Found the +5 demon whip "Spellbinder" {antimagic, disrupt,
                  | Will+}
 32404 | Swamp:3  | HP: 3/66 [poisoned by something (poison gas)]
 32404 | Swamp:3  | Demolished by a spriggan rider
 32405 | Swamp:3  | Reached XP level 14. HP: -14/62 MP: 29/52
 32687 | Swamp:3  | Noticed a tentacled monstrosity
 32695 | Swamp:3  | Killed a tentacled monstrosity
 33212 | Swamp:3  | Got the Spellbook of the Retinue
 33454 | Swamp:4  | Entered Level 4 of the Swamp
 33997 | Elf:1    | Entered Level 1 of the Elven Halls
 34019 | Elf:1    | Noticed a deep elf sorcerer
 34022 | Elf:1    | Killed a deep elf sorcerer
 34023 | Elf:1    | Reached XP level 15. HP: 17/66 MP: 25/35
 34274 | Elf:1    | Found a radiant altar of Vehumet.
 34508 | Elf:1    | HP: 2/66 [+2 broad axe of flaming (12)]
 34508 | Elf:1    | Slain by a +2 broad axe of flaming

Illustrated notes

Levels and vault maps discovered:
D:1:      lightli_arrival_lavapool, layout_rooms, serial_shops,
          nicolae_shop_stone, shop_statue, nicolae_shop_tiny_real_fake_doors,
          nicolae_shop_overgrown_old_shop, st_stairs_5
D:2:      layout_basic, minivault_24, small_statue_intersection, minivault_23,
          minmay_between
D:3:      layout_rooms, fedhas_altar_1, hellmonk_ecumenical_altar_crossroads,
          dreamdust_mushroom_princess, uniq_grinder
D:4:      layout_cave_pools, minmay_temple_entry_drinking_statues,
          gammafunk_ghost_necromancy
D:5:      layout_layer_cave, gammafunk_temple_overflow_pools
D:6:      layout_gridville, lemuel_doored_altar, cheibrodos_sewer_entry_sluice,
          uniq_maggie, uniq_sigmund
D:7:      minmay_the_grid_square_5x5_3x3 [minmay_the_grid_square_5x5_misaligned,
          minmay_the_grid_square_5x5_inner_v,
          minmay_the_grid_square_5x5_dogpile,
          minmay_the_grid_square_5x5_percent,
          minmay_the_grid_square_5x5_megaprize_checkered,
          minmay_the_grid_square_5x5_tie, minmay_the_grid_square_5x5_longway,
          minmay_the_grid_square_5x5_bridge,
          minmay_the_grid_square_5x5_two_walls_b], layout_rooms
D:8:      black_bear_nest_1, layout_basic, serial_shops,
          nicolae_shop_statue_plus, gammafunk_ghost_hydra_chop,
          kennysheep_flooded_box, minmay_misc_feat_tiny, minmay_joined_circles
D:9:      layout_rooms, grunt_temple_overflow_cloverleaf, serial_shops,
          nicolae_shop_hallway_plus
D:10:     layout_basic, nicolae_elemental_shop, grunt_decor_mini_mirrors
D:11:     layout_roguey, david_lair_generic, palyth_stone_intersect, uniq_lodul
D:12:     layout_basic, led_sif_pool, uniq_jorgrun, uniq_azrael
D:13:     layout_cave_pools, ximxim_vaults_locker_room
D:14:     layout_cave_pods, columned_hall_lemuel, uniq_frances
D:15:     grunt_enter_depths_snipers, layout_irregular_city, uniq_roxanne,
          uniq_josephine
Temple:   nicolae_temple_superstar
Lair:1:   layout_loops_ring
Lair:2:   beast_lair_carwin_large_3, layout_regular_city, serial_bayou_pond_b
Lair:3:   dreamdust_isle_of_ice, layout_gridlike, minmay_swamp_entry_reptiles,
          minmay_snake_entry_six_corridors, portal_ice_cave_entry_pillars_2,
          uniq_snorg, uniq_rupert
Lair:4:   layout_hall_layers, minmay_slime_entry_jelly_boxes
Lair:5:   due_jungle_book, layout_cave_pods, infiniplex_staircase_pool,
          grunt_megastairs_3, lemuel_fruit_tree
Swamp:1:  layout_basic_swamp, nicolae_swamp_treefoil, uniq_aizul
Swamp:2:  layout_falls_marsh, ebering_ghost_disaster_area,
          evilmike_swamp_ruin_house_5, nicolae_swamp_small_spring, uniq_donald
Swamp:3:  layout_basic_swamp, nicolae_swamp_very_dense_foliage, ldierk_geyser,
          swamp_pool5
Swamp:4:  swamp_fiery, layout_basic_swamp, ebering_ghost_disaster_area,
          swamp_pool3, uniq_nikola
Snake:1:  layout_rooms
Snake:2:  layout_cave_pods, nicolae_snake_gridmaze_entwining,
          grunt_ministairs_13, grunt_megastairs_5
Snake:3:  layout_misc_corridors, nicolae_triple_integral, minmay_shoptagon,
          uniq_bai_suzhen, uniq_vashnia
Orc:1:    cheibrodos_orc_guarddog, layout_caves, serial_shops,
          nicolae_shop_advertising_works [nicolae_subvault_shop_adworks],
          abandoned_shop
Orc:2:    st_orc_rangers, layout_caves
Elf:1:    eino_elf_arrival_altar, layout_geoelf_octagon, orc_legates,
          minivault_19, uniq_louise, uniq_zenata

Skill      XL: |  1  2  3  4  5  6  7  8  9 10 11 12 13 14 15 16 |
---------------+-------------------------------------------------+-----
Dodging        | 3 5 6 7 8 9 10 11 12 | 12.0
Earth Magic    | 3 4 6 7 8 10 11 12 13 14 15 | 15.4
Fighting       | 1 2 3 4 5 8 7 |  8.2
Spellcasting   | 3 5 6 7 8 9 10 11 13 14 15 | 15.3
Conjurations   | 1 2 3 4 5 6 7 8 10 | 10.6
Fire Magic     | 2 4 6 7 9 10 11 14 | 14.3
Transmutations | 3 |  3.0
Necromancy     | 4 |  4.7
Stealth        | |  2.6

Action                     |  1- 3 |  4- 6 |  7- 9 | 10-12 | 13-15 | 16-18 || total
---------------------------+-------+-------+-------+-------+-------+-------++-------
  Melee: Unarmed           |       |       |       |     1 |     2 |       ||     3
         Bite              |       |       |       |       |     1 |       ||     1
   Cast: Sandblast         |    67 |    97 |    95 |   124 |   123 |       ||   506
         Stone Arrow       |       |     5 |    54 |   265 |   224 |       ||   548
         Foxfire           |       |       |     4 |    12 |     8 |       ||    24
         Lee's Rapid Decon |       |       |       |    36 |   281 |    12 ||   329
         Petrify           |       |       |       |     2 |       |       ||     2
         Fireball          |       |       |       |       |   301 |    62 ||   363
         Starburst         |       |       |       |       |    58 |       ||    58
         Leda's Unmaking   |       |       |       |       |   166 |    69 ||   235
         Irradiate         |       |       |       |       |    15 |     4 ||    19
         Passwall          |       |       |       |       |     2 |       ||     2
  Evoke: Wand              |       |       |     5 |     4 |     2 |     1 ||    12
    Use: Scroll            |     9 |     4 |     9 |     9 |    10 |     2 ||    43
         Potion            |       |     2 |     1 |       |    10 |     1 ||    14
 Armour: Skin              |     1 |       |     1 |     4 |    25 |     2 ||    33
  Dodge: Dodged            |    13 |    44 |    36 |    87 |   313 |    32 ||   525
  Block: Other             |     1 |    13 |    12 |       |       |       ||    26

Table legend: (Time is in decaauts)
 A = Elapsed time spent in this place.
 B = Non-inter-level travel time spent in this place.
 C = Inter-level travel time spent in this place.
 D = Time resting spent in this place.
 E = Time spent auto-exploring this place.
 F = Levels seen in this place.
 G = Mean time per level.
                   A        B        C        D        E       F      G
               +--------+--------+--------+--------+--------+-----+--------+
         Total |  31205 |  28921 |   2284 |   4851 |  17952 |  33 |  945.6 |
       Dungeon |  14271 |  13056 |   1215 |    681 |   9996 |  15 |  951.4 |
        Temple |     41 |      3 |     38 |      0 |      0 |   1 |   41.0 |
          Lair |   7440 |   6920 |    520 |   1280 |   4081 |   5 | 1488.0 |
         Swamp |   3335 |   3115 |    220 |   1602 |    416 |   4 |  833.8 |
     Snake Pit |   2906 |   2736 |    170 |    526 |   1764 |   3 |  968.7 |
  Orcish Mines |   2137 |   2030 |    107 |    461 |   1305 |   2 | 1068.5 |
   Elven Halls |    263 |    251 |     12 |      4 |    152 |   1 |  263.0 |
         Sewer |    215 |    215 |      0 |      0 |    146 |   1 |  215.0 |
      Ice Cave |    595 |    595 |      0 |    297 |     88 |   1 |  595.0 |
               +--------+--------+--------+--------+--------+-----+--------+

Top non-repeatable levels by time:
  Lair:5: 2033 daAuts
  Lair:3: 1894 daAuts
     D:5: 1774 daAuts
 Snake:2: 1729 daAuts
 Swamp:1: 1562 daAuts
 Swamp:3: 1363 daAuts
     D:8: 1317 daAuts
  Lair:2: 1300 daAuts
  Lair:4: 1263 daAuts
     D:6: 1152 daAuts
 Snake:1: 1105 daAuts
   Orc:2: 1079 daAuts
     D:7: 1062 daAuts
   Orc:1: 1058 daAuts
    D:12: 1031 daAuts
